 Dungeon Crawl Stone Soup version 0.21-a0-127-g329daca (webtiles) character file.

4378 Ordine the Magician (level 10, -24/53 HPs)
             Began as a Deep Elf Wizard on July 16, 2017.
             Was a Believer of Sif Muna.
             Hit by a large rock thrown by a cyclops (42 damage)
             ... on level 8 of the Dungeon.
             The game lasted 00:45:31 (14901 turns).

Ordine the Magician (Deep Elf Wizard)              Turns: 14901, Time: 00:45:32

Health: -24/53     AC:  6    Str: 10    XL:     10   Next: 13%
Magic:  13/22      EV: 15    Int: 34    God:    Sif Muna [**....]
Gold:   396        SH:  0    Dex:  9    Spells: 14/23 levels left

rFire    . . .     SeeInvis .   B - +1 rapier "Intah" {speed, +Inv rElec Str+6 Dex-4}
rCold    . . .     Gourm    +   (no shield)
rNeg     . . .     Faith    .   w - +1 robe {MR+}
rPois    .         Spirit   .   F - +2 hat {Int+3}
rElec    +         Reflect  .   (no cloak)
rCorr    .         Harm     .   x - +0 pair of gloves
MR       ++...                  (no boots)
Stlth    +++.......             e - amulet of the gourmand
HPRegen  0.17/turn              u - +4 ring of intelligence
MPRegen  0.18/turn              D - ring of flight

@: about to teleport
A: no striking features
a: Divine Energy, Renounce Religion, Evoke Invisibility, Evoke Flight


You were on level 8 of the Dungeon.
You worshipped Sif Muna.
Sif Muna was pleased with you.
You were completely stuffed.

You visited 2 branches of the dungeon, and saw 9 of its levels.
You also visited: Sewer.

You collected 396 gold pieces.

Inventory:

Hand Weapons
 p - a +3 vampiric dagger
 B - the +1 rapier "Intah" (weapon) {speed, +Inv rElec Str+6 Dex-4}
   (You took it off an orc warrior on level 7 of the Dungeon)

   Attacks with this weapon are significantly faster.
   It affects your strength (+6).
   It affects your dexterity (-4).
   It insulates you from electricity.
   It lets you turn invisible.
Armour
 w - a +1 robe of magic resistance (worn)
 x - a +0 pair of gloves (worn)
 F - a +2 hat of intelligence (worn)
Jewellery
 e - an amulet of the gourmand (around neck)
 u - a +4 ring of intelligence (left hand)
 C - a +5 amulet of reflection
 D - a ring of flight (right hand)
Wands
 f - a wand of paralysis (18/24)
Scrolls
 k - 2 scrolls of remove curse
 l - a scroll of teleportation
 o - 2 scrolls of immolation
 q - 2 scrolls of blinking
 y - 2 scrolls of enchant weapon
 z - a scroll of enchant armour
Potions
 a - a potion of might {unknown}
 g - a potion of flight
 h - a potion of berserk rage {unknown}
 i - 5 potions of heal wounds
 j - 3 potions of resistance
 n - 3 potions of brilliance
 r - 3 potions of curing
 s - 3 potions of agility {unknown}
 t - a potion of ambrosia
 A - 2 potions of degeneration {unknown}
Books
 c - a book of Minor Magic

   Spells                             Type                      Level
   a - Magic Dart                     Conjuration                  1
   b - Blink                          Translocation                2
   c - Call Imp                       Summoning                    2
   d - Slow                           Hexes                        2
   e - Conjure Flame                  Conjuration/Fire             3
   f - Mephitic Cloud                 Conjuration/Poison/Air       3
Comestibles
 d - 11 bread rations
 m - 2 meat rations
 v - 7 fruits


   Skills:
 + Level 2.2 Fighting
 + Level 4.1 Short Blades
 + Level 6.8 Dodging
 + Level 6.5 Stealth
 + Level 7.0 Spellcasting
 + Level 5.9 Conjurations
   Level 1.1 Summonings
 + Level 2.2 Translocations
 - Level 4.0 Fire Magic
 - Level 4.0 Air Magic
 - Level 4.0 Poison Magic
 + Level 4.4 Invocations
 + Level 4.9 Evocations


You had 14 spell levels left.
You knew the following spells:

 Your Spells              Type           Power        Failure   Level  Hunger
a - Magic Dart            Conj           ####         1%          1    None
b - Blink                 Tloc           N/A          2%          2    None
c - Conjure Flame         Conj/Fire      #####...     1%          3    None
d - Mephitic Cloud        Conj/Pois/Air  #####...     1%          3    None


Dungeon Overview and Level Annotations

Branches:
Dungeon (8/15)             Temple (1/1) D:4            Lair (0/6) D:8

Altars:
Ashenzari
Cheibriados
Dithmenos
Elyvilon
Fedhas
Gozag
Hepliaklqana
Kikubaaqudgha
Makhleb
Nemelex Xobeh
Okawaru
Qazlal
Ru
Sif Muna
Trog
Uskayaw
Vehumet
Wu Jian
Xom
Yredelemnul
Zin
The Shining One

Shops:
D:4 (   D:5 !(:(

Annotations:
D:8 Psyche


Message History

Aiming: Mephitic Cloud
Press: ? - help, Shift-Dir - straight line, f - cyclops
Aim: a cyclops (noxious fumes, lightly wounded)
The ball explodes into a vile cloud!
The stinking cloud engulfs the cyclops.
The cyclops is lightly wounded.
You hear a shout!
A bullfrog and Psyche come into view.
Psyche is wielding a dagger of distortion.
Unknown command.
Unknown command.
As you read the scroll of teleportation, it crumbles to dust.
You feel strangely unstable.
The bullfrog moves out of view.
Psyche laughs secretively.
Psyche gestures wildly while chanting.
Psyche flickers and vanishes!
Deactivating autopickup; reactivate with Ctrl-A.
The cyclops is engulfed in noxious fumes.
The cyclops throws a large rock.
The large rock hits you!!!
Ouch! That really hurt!
You die...

#. ... <.. .. ....#.##.###.###.#
.#..#.#........#.#... .#
....?...#.##.#.#.#.###.#. .###
......#.#.##.#.......#.#......
#...#...>.#.....#..#..#...###
##...............#..#..#...#..
........§§....................
..O....<§C§§.@(.(...{.........
########.#.##§.........########..
#...........#.§########.......#..
#.####......#..#.......######.#..
#.# #.#.#.##. #.######.....#.#..
#.# #..#.#..#. #.....####.#.#..
#.# #.##.#.... #.####...#.#.#..
#.# #. ........ #...##.#.#.#..
#.#### #.#..#..# #.##(#.#.#.#W.


You could see a cyclops.

Vanquished Creatures
  The ghost of ciphuk the Quickloader, a novice KoHu of Dithmenos (D:7)
  A spriggan (D:7)
  A hungry ghost (D:8)
  2 ice beasts
  4 orc warriors
  2 sky beasts
  A phantom (D:8)
  6 ogres
  3 centaurs
  2 big kobolds (Sewer)
  2 bullfrogs
  4 scorpions
  3 killer bees (D:7)
  A howler monkey (D:4)
  A quasit (D:7)
  A centaur zombie (D:7)
  2 crimson imps (D:5)
  4 hounds
  5 orc priests
  2 gnoll shamans
  2 centaur skeletons
  2 bullfrog skeletons
  2 jellies
  9 orc wizards
  3 iguanas
  5 worker ants
  A hound zombie (D:6)
  A hound skeleton (D:6)
  8 gnolls
  6 river rats
  16 adders
  An ooze (D:3)
  An adder skeleton (D:4)
  3 worms
  3 dart slugs
  4 leopard geckos
  28 orcs
  5 ball pythons
  6 giant cockroaches
  6 goblins
  9 hobgoblins
  12 jackals
  21 kobolds
  2 quokkas
  5 bats
  4 frilled lizards
  A leopard gecko skeleton (D:5)
  2 leopard gecko zombies
  A quokka skeleton (D:5)
  31 rats
248 creatures vanquished.

Notes
Turn   | Place    | Note
-------+----------+-------------------------------------------
     0 | D:1      | Ordine the Deep Elf Wizard began the quest for the Orb.
     0 | D:1      | Reached XP level 1. HP: 10/10 MP: 7/7
   527 | D:1      | Reached XP level 2. HP: 11/15 MP: 4/9
   644 | D:1      | Learned a level 2 spell: Blink
  1595 | D:2      | Reached XP level 3. HP: 16/19 MP: 1/11
  1694 | D:2      | Learned a level 3 spell: Conjure Flame
  1698 | D:2      | Learned a level 3 spell: Mephitic Cloud
  1938 | D:2      | Reached skill level 5 in Spellcasting
  2846 | D:3      | Reached XP level 4. HP: 23/24 MP: 4/13
  3067 | D:3      | Reached skill level 1 in Fire Magic
  3486 | D:3      | Reached skill level 1 in Air Magic
  3486 | D:3      | Reached XP level 5. HP: 28/28 MP: 10/14
  4093 | D:4      | Found a staircase to the Ecumenical Temple.
  4109 | D:3      | Reached skill level 1 in Poison Magic
  4203 | Temple   | Entered the Ecumenical Temple
  4271 | Temple   | Became a worshipper of Sif Muna the Loreminder
  4372 | D:4      | Noticed an ogre
  4475 | D:4      | HP: 1/28 [scorpion (3)]
  4482 | D:4      | Reached XP level 6. HP: 2/32 MP: 0/15
  5382 | D:4      | Found Hoenout's Weapon Shop.
  5654 | D:4      | Reached XP level 7. HP: 13/36 MP: 0/16
  6254 | D:4      | Reached * piety under Sif Muna
  6707 | D:5      | Entered Level 5 of the Dungeon
  6716 | D:5      | Reached skill level 5 in Stealth
  7014 | D:5      | Found Exezicext's Antique Weapon Shop.
  7057 | D:5      | Found an iron altar of Okawaru.
  7118 | D:5      | Found a glowing drain.
  7127 | Sewer    | Entered a sewer
  7619 | Sewer    | Reached skill level 1 in Short Blades
  7855 | Sewer    | Reached skill level 5 in Dodging
  7855 | Sewer    | Reached skill level 1 in Evocations
  7861 | Sewer    | Reached XP level 8. HP: 41/41 MP: 0/17
  8350 | D:5      | Found Kocit's Book Emporium.
  8770 | D:5      | Reached skill level 1 in Invocations
  8884 | D:5      | Found Dyfey's Weapon Shop.
  9077 | D:5      | Found Leiri's Distillery.
  9682 | D:6      | Reached ** piety under Sif Muna
 10542 | D:6      | Reached XP level 9. HP: 44/45 MP: 3/19
 10695 | D:6      | Found a shadowy altar of Dithmenos.
 10695 | D:6      | Found a radiant altar of Vehumet.
 11366 | D:7      | Reached skill level 6 in Spellcasting
 11366 | D:7      | Reached skill level 5 in Conjurations
 11646 | D:7      | Got a polished rapier {speed}
 11648 | D:7      | Identified the cursed +1 rapier "Intah" {speed, +Inv rElec Str+6 Dex-4} (You took it off an orc warrior on level 7 of the Dungeon)
 12050 | D:7      | Noticed ciphuk's ghost (novice KoHu)
 12063 | D:6      | Reached skill level 1 in Fighting
 12422 | D:7      | Killed ciphuk's ghost
 13992 | D:7      | Identified a scroll of acquirement
 14356 | D:8      | Noticed a two-headed ogre
 14379 | D:7      | Reached XP level 10. HP: 37/53 MP: 4/22
 14638 | D:8      | Found a staircase to the Lair.
 14814 | D:8      | Reached skill level 7 in Spellcasting
 14896 | D:8      | Noticed a cyclops
 14901 | D:8      | Noticed Psyche
 14901 | D:8      | Hit by a large rock thrown by a cyclops

Vault maps used:
D:1:      eino_arrival_cavern_a
D:3:      first_bread, hangedman_decor_growths, minmay_misc_feat_five
D:4:      minmay_temple_entry_crystal_x, serial_shops, shop, minmay_ruptured
D:5:      portal_sewer_entry_e, serial_shops, shop, nicolae_shop_behind_doors,
          shop, nicolae_shop_overgrown_old_shop, okawaru_metal_pillars_1_2
D:6:      gammafunk_temple_overflow_wave
D:7:      the_bakery
D:8:      minmay_distorted_concentric_squares, lair_entry_dummy,
          kennysheep_generic_room_7, uniq_psyche
Temple:   regret_index_temple_chain_breaker
Sewer:    sewer_minmay_treatment

Skill      XL: |  1  2  3  4  5  6  7  8  9 10 |
---------------+-------------------------------+-----
Dodging        | 3 4 5 6 |  6.8
Spellcasting   | 5 6 7 |  7.0
Stealth        | 3 4 5 6 |  6.5
Conjurations   | 2 3 4 5 |  5.9
Translocations | 2 |  2.2
Fire Magic     | 1 2 3 4 |  4.0
Air Magic      | 1 2 4 |  4.0
Poison Magic   | 1 2 3 4 |  4.0
Short Blades   | 1 2 3 4 |  4.1
Evocations     | 1 3 4 |  4.9
Invocations    | 2 4 |  4.4
Fighting       | 2 |  2.2
Summonings     | |  1.1

Action                   |  1- 3 |  4- 6 |  7- 9 | 10-12 || total
-------------------------+-------+-------+-------+-------++-------
Melee: Unarmed           |     4 |       |       |       ||     4
       Whip              |    20 |    49 |       |       ||    69
       Dagger            |       |       |    29 |       ||    29
       Rapier            |       |       |    49 |       ||    49
 Cast: Magic Dart        |   128 |   148 |   626 |    54 ||   956
       Mephitic Cloud    |     1 |     5 |    39 |     4 ||    49
       Conjure Flame     |     1 |     5 |    13 |     1 ||    20
       Blink             |       |     2 |     5 |       ||     7
Invok: Divine Energy     |       |       |     1 |       ||     1
       Stop Divine Energ |       |       |     1 |       ||     1
 Abil: Evoke Invisibilit |       |       |     2 |       ||     2
  Use: Potion            |     1 |     2 |     3 |       ||     6
       Scroll            |       |     7 |    14 |     2 ||    23
 Stab: Confused          |       |     1 |     1 |       ||     2
  Eat: Chunk             |     6 |     8 |    47 |     3 ||    64
Armor: Robe              |    11 |    12 |    41 |     3 ||    67
       Skin              |       |       |    13 |       ||    13
Dodge: Dodged            |    39 |    54 |   168 |    13 ||   274
